 Dungeon Crawl Stone Soup version 0.32-a0-893-gf85d74f360 (webtiles) character file.

Game seed: 7236427831962905712

1760962 Drazool the Sorcerer (level 27, 228/228 HPs)
             Began as a Djinni Fire Elementalist on Apr 2, 2024.
             Was the Champion of Ashenzari.
             Escaped with the Orb
             ... and 3 runes on Apr 3, 2024!
             The game lasted 05:34:30 (67544 turns).

Drazool the Sorcerer (Djinni Fire Elementalist)    Turns: 67544, Time: 05:34:30

Health: 228/228    AC: 17    Str: 13    XL:     27
Gold:   5285       EV: 30    Int: 28    God:    Ashenzari [******] SH:  9 Dex: 20

rFire   + + +        d - staff of Ashenzari's Morality (curse) {Str+6 Earth, !a, Fort, Range} (curse)
rCold   + . .        v - +2 buckler "Gloom of Ashenzari" {Cun, Self} (curse)
rNeg    . . .        E - +3 troll leather armour of Supernal Knowledge {Regen+, Sorc, Dev} (curse)
rPois   ∞            a - +0 helmet of the Eye in the Sky {Cun, Self} (curse)
rElec   +            L - +2 cloak "Per Aspera Ad Scientiam" {Sorc, Self} (curse)
rCorr   .            B - +2 pair of gloves "Chained Together" {Sorc, Range} (curse)
SInv    +            (boots unavailable)
Will    ++...        F - amulet of Ashenzari's Seeker {Regen+, Bglg, Fort} (curse)
Stlth   ++           C - ring "Yoke of Ashenzari" {rC+, Elem, Bglg} (curse)
HPRegen 2.98/turn    o - ring of the Wild Blue Yonder {rF+ rC+ Dex+3, Cun, Fort} (curse)
MPRegen 0.00/turn

%: clarity
@: flying, studying 2 skills
A: sickness immunity, fire resistance 2, cold vulnerability 1, float, innate
caster, HP casting, extra vitality 1, regeneration 1, electricity resistance
0: Orb of Zot
}: 3/15 runes: decaying, serpentine, silver
a: Renounce Religion, Shatter the Chains


You escaped.
You worshipped Ashenzari.
Ashenzari was exalted by your worship.
You visited 11 branches of the dungeon, and saw 51 of its levels.
You visited the Abyss 3 times.
You also visited: Ice Cave.

You collected 10061 gold pieces.
You spent 4776 gold pieces at shops.


Innate Abilities, Weirdness & Mutations

You are immune to sickness and miasma.
You are immune to poison.
Your flesh is very heat resistant. (rF++)
You are vulnerable to cold. (rC-)
You float through the air rather than walking.
You learn spells naturally, not from books.
Your magical power is your life essence.
You have superior vitality. (+4 MHP)
Your natural rate of healing is unusually fast.
You are resistant to electric shocks. (rElec)


   Skills:
 - Level 22.9(27) Fighting
 - Level 11.9 Long Blades
 - Level 12.0 Staves
 - Level 12.5(17.2) Armour
 - Level 22.7(27) Dodging
 - Level 5.9(10.5) Stealth
 - Level 4.0(8.2) Shields
 - Level 24.9(27) Spellcasting
 - Level 24.9(27) Conjurations
 - Level 24.9(27) Hexes
 - Level 24.9 Summonings
 - Level 24.9 Necromancy
 - Level 24.9(27) Translocations
 - Level 24.9(27) Fire Magic
 - Level 24.9(27) Ice Magic
 - Level 24.9(27) Air Magic
 - Level 24.9(27) Earth Magic
 - Level 24.9(27) Alchemy
 + Level 18.2(20.5) Evocations


You knew the following spells:

 Your Spells              Type           Power      Damage    Failure   Level
a - Momentum Strike       Conj/Tloc      100%       3d10      0%          2
b - Yara's Violent Unrav  Hex/Alch       56%        3d21      0%          5
c - Permafrost Eruption   Ice/Erth       68%        2x4d15    0%          6
d - Enfeeble              Hex            56%        N/A       0%          7
e - Airstrike             Air            56%        2d(8-24)  0%          4
f - Foxfire               Conj/Fire      100%       2x1d9     0%          1
g - Plasma Beam           Fire/Air       56%        2x1d71    0%          6
h - Infestation           Necr           54%        N/A       1%          8
i - Lehudib's Crystal Sp  Conj/Erth      68%        10d15     1%          8
l - Lesser Beckoning      Tloc           100%       N/A       0%          2
r - Inner Flame           Hex/Fire       100%       N/A       0%          3
s - Slow                  Hex            100%       N/A       0%          1
t - Summon Forest         Summ/Tloc      55%        N/A       0%          5
D - Death's Door          Necr           54%        N/A       3%          9
S - Shatter               Erth           68%        3d50*     1%          9
X - Scorch                Fire           100%       2d9       0%          2
Y - Volatile Blastmotes   Fire/Tloc      100%       2d18      0%          3
Z - Flame Wave            Conj/Fire      100%       2d21      0%          4
Your spell library was empty.

Inventory:

Missiles
 A - 6 throwing nets {=f}
Armour
 a - the cursed +0 helmet of the Eye in the Sky (worn) {Cun, Self}
   (You found it on level 2 of the Lair of Beasts)

   It has a curse which improves the following skills: Cunning: Dodging and
   Stealth.
   Introspection: Fighting and Spellcasting.
 v - the cursed +2 buckler "Gloom of Ashenzari" (worn) {Cun, Self}
   (You took it off a spriggan on level 1 of the Lair of Beasts)

   It has a curse which improves the following skills: Cunning: Dodging and
   Stealth.
   Introspection: Fighting and Spellcasting.
 B - the cursed +2 pair of gloves "Chained Together" (worn) {Sorc, Range}
   (You found it on level 7 of the Dungeon)

   It has a curse which improves the following skills: Sorcery: Conjurations and
   Alchemy.
   Ranged Combat: Ranged Weapons and Throwing.
 E - the cursed +3 troll leather armour of Supernal Knowledge (worn) {Regen+, Sorc, Dev}
   (You found it on level 5 of the Vaults)

   Regen+:    It increases your rate of health regeneration.
   It has a curse which improves the following skills: Sorcery: Conjurations and
   Alchemy.
   Devices:   Evocations and Shapeshifting.
 L - the cursed +2 cloak "Per Aspera Ad Scientiam" (worn) {Sorc, Self}
   (You bought it in a shop on level 2 of the Vaults)

   It has a curse which improves the following skills: Sorcery: Conjurations and
   Alchemy.
   Introspection: Fighting and Spellcasting.
 R - the +6 scale mail of Inference {Will+}
   (You bought it in a shop on level 3 of the Vaults)

   Will+:     It increases your willpower.
Magical Staves
 d - the cursed staff of Ashenzari's Morality (weapon) {Str+6 Earth, !a, Fort, Range}
   (You found it on level 3 of the Elven Halls)

   [staff of earth]

   Base accuracy: +5 Base damage: 5 Base attack delay: 1.2 This weapon's minimum
   attack delay (0.6) is reached at skill level 12.
   Str+6:     It affects your strength (+6).
   Earth:     It increases the power of your Earth spells.
   It falls into the 'Staves' category.
   It is a one-handed weapon.
   It has a curse which improves the following skills: Fortitude: Armour and
   Shields.
   Ranged Combat: Ranged Weapons and Throwing.
Jewellery
 f - the ring "Zoitadic" {rPois rF+ EV+5 Str+2}
   (You took it off a deep elf annihilator on level 3 of the Elven Halls)

   [ring of evasion]

   EV+5:      It affects your evasion (+5).
   Str+2:     It affects your strength (+2).
   rF+:       It protects you from fire.
   rPois:     It protects you from poison.
 o - the cursed ring of the Wild Blue Yonder (right hand) {rF+ rC+ Dex+3, Cun, Fort}
   (You found it on level 3 of the Vaults)

   [ring of protection from fire]

   Dex+3:     It affects your dexterity (+3).
   rF+:       It protects you from fire.
   rC+:       It protects you from cold.
   It has a curse which improves the following skills: Cunning: Dodging and
   Stealth.
   Fortitude: Armour and Shields.
 C - the cursed ring "Yoke of Ashenzari" (left hand) {rC+, Elem, Bglg}
   (You took it off an orc priest on level 6 of the Dungeon)

   [ring of protection from cold]

   rC+:       It protects you from cold.
   It has a curse which improves the following skills: Elements: Fire Magic, Ice
   Magic, Air Magic and Earth Magic.
   Beguiling: Hexes and Translocations.
 F - the cursed amulet of Ashenzari's Seeker (around neck) {Regen+, Bglg, Fort}
   (You took it off a deep elf annihilator on level 3 of the Elven Halls)

   [amulet of regeneration]

   Regen+:    It increases your rate of health regeneration.
   It has a curse which improves the following skills: Beguiling: Hexes and
   Translocations.
   Fortitude: Armour and Shields.
 N - a ring of positive energy
 S - a +6 ring of strength
 W - the ring of Bofrur Vuth {rPois rF+ rC+}
   (You found it on level 5 of the Vaults)

   [ring of protection from cold]

   rF+:       It protects you from fire.
   rC+:       It protects you from cold.
   rPois:     It protects you from poison.
Wands
 b - a wand of iceblast (40)
 k - a wand of acid (25)
 r - a wand of digging (6)
 w - a wand of flame (146)
 y - a wand of polymorph (37)
 I - a wand of paralysis (30)
 P - a wand of mindburst (41)
Scrolls
 c - 6 scrolls of summoning
 i - 11 scrolls of poison
 l - 9 scrolls of amnesia
 m - 12 scrolls of blinking
 q - 17 scrolls of fog
 u - 9 scrolls of fear
 z - 3 scrolls of revelation
 D - 5 scrolls of silence {!r}
 G - 10 scrolls of immolation
 H - 4 scrolls of enchant weapon
 J - 8 scrolls of vulnerability
 X - 14 scrolls of teleportation {@r2}
Potions
 e - a potion of cancellation
 g - 24 potions of curing {@q1}
 h - a potion of resistance
 j - 13 potions of might
 p - 9 potions of attraction
 s - 5 potions of mutation
 t - 14 potions of heal wounds {@q2}
 K - 7 potions of brilliance
 M - 5 potions of ambrosia
 O - 4 potions of haste {@q3}
 Q - 4 potions of lignification
 U - 6 potions of invisibility
 V - 7 potions of enlightenment
Miscellaneous
 n - a lightning rod (4/4)
 x - a tin of tremorstones (2/2)
 T - a phantom mirror
 Y - a Gell's gravitambourine (2/2)
 Z - a sack of spiders

Dungeon Overview and Level Annotations

Branches:
Dungeon (15/15)            Temple (1/1) D:7            Lair (5/5) D:10
  Swamp (4/4) Lair:2        Snake (4/4) Lair:3        Slime (0/5) Lair:5
    Orc (2/2) D:10            Elf (3/3) Orc:2        Vaults (5/5) D:14
  Crypt (3/3) Vaults:2       Tomb (0/3) Crypt:3      Depths (4/4) D:15
    Zot (5/5) Depths:4      IceCv (visited)

Altars:
Ashenzari
Cheibriados
Dithmenos
Elyvilon
Fedhas
Gozag
Hepliaklqana
Makhleb
Nemelex Xobeh
Okawaru
Qazlal
Ru
Trog
Uskayaw
Wu Jian
Xom
Yredelemnul
Zin
The Shining One
Beogh
Jiyva

Shops:
D:9 =:   D:10 [   Orc:2 [!*[   Elf:1 *   Elf:3 :=:?   Snake:2 *   Vaults:2 ([
Vaults:3 [[   Vaults:5 ??

Portals:
Hell: Depths:1 Depths:2 Depths:3 Depths:4
Abyss: Depths:3 Depths:4
Pandemonium: Depths:2
Ziggurat: Depths:4

Annotations:
D:4 1 runed translucent door, gribnar's ghost, novice DsSu
D:10 1 runed translucent door, TwadoKnight's ghost, novice MiFi
D:12 3 runed translucent doors, Foxy's ghost, journeyman CoHu
Lair:5 1 runed translucent door, pesado's ghost, journeyman DrCj
Swamp:4 Roxanne
Elf:2 5 runed translucent doors
Depths:3 2 runed translucent doors
Zot:5 1 exclusion

..# #...#...#####.########### ..#
#...#...# #.# .## ##...#...# #.#
.# #....#########.# .#
#...[..........# .#
####..####################### ##
##.........................†.#
####..▒▒▒▒▒▒▒▒▒▒▒▒▒#.##########.#
#....▒▒#÷#ß#÷#ß#@#▒▒.# #.#
#.#.#▒ß#+#.#+#.#'#ß▒.# #.#
..#..'.............'.# #.#
.###.'.............'.# #.# .#
##▒ß#+#.#+#.#'#ß▒## #.#
#####▒▒#÷#ß#÷#ß#÷#▒▒ #.#
......▒▒▒▒▒▒▒▒▒▒▒▒▒# #.#
...................# #.#
#####.#.###.######.############.#


There were no monsters in sight!


Message History

There is a stone staircase leading down here.
There is a stone staircase leading up here.
You fly upwards.
There is a stone staircase leading down here.
You see here 2 atropa-tipped darts.
There is a stone staircase leading up here.
You fly upwards.
Level annotation: 1 runed translucent door, gribnar's ghost, novice DsSu
There is a stone staircase leading down here.
A toenail golem comes into view.
Unknown command.
The toenail golem moves out of view.
You see here a +0 falchion.
There is a stone staircase leading up here.
You fly upwards.
There is a stone staircase leading down here.
Things that are here:
a +0 dagger; a goblin skeleton
There is a stone staircase leading up here.
You fly upwards.
There is a stone staircase leading down here.
There is a stone staircase leading up here.
You fly upwards.
There is a stone staircase leading down here.
Unknown command.
There is a large open door here.
There is an open door here.
There is a staircase leading out of the dungeon here.
You can't go down here!
You have escaped!

Skill      XL: |  1  2  3  4  5  6  7  8  9 10 11 12 13 14 15 16 17 18 19 20 21 22 23 24 25 26 27 |
---------------+----------------------------------------------------------------------------------+-----
Spellcasting   | 4 5 6 7 8 10 12 13 14 15 16 18 19 20 21 22 23 24 | 24.9
Conjurations   | 4 5 6 7 8 10 12 13 14 15 16 18 19 20 21 22 23 24 | 24.9
Hexes          | 4 5 6 7 8 10 12 13 14 15 16 18 19 20 21 22 23 24 | 24.9
Summonings     | 4 5 6 7 8 10 12 13 14 15 16 18 19 20 21 22 23 24 | 24.9
Necromancy     | 4 5 6 7 8 10 12 13 14 15 16 18 19 20 21 22 23 24 | 24.9
Translocations | 4 5 6 7 8 10 12 13 14 15 16 18 19 20 21 22 23 24 | 24.9
Fire Magic     | 4 5 6 7 8 10 12 13 14 15 16 18 19 20 21 22 23 24 | 24.9
Ice Magic      | 4 5 6 7 8 10 12 13 14 15 16 18 19 20 21 22 23 24 | 24.9
Air Magic      | 4 5 6 7 8 10 12 13 14 15 16 18 19 20 21 22 23 24 | 24.9
Earth Magic    | 4 5 6 7 8 10 12 13 14 15 16 18 19 20 21 22 23 24 | 24.9
Alchemy        | 4 5 6 7 8 10 12 13 14 15 16 18 19 20 21 22 23 24 | 24.9
Fighting       | 2 3 5 6 8 10 11 13 15 17 19 20 21 22 | 22.9
Stealth        | 2 4 5 |  5.9
Dodging        | 3 4 5 7 9 10 12 14 17 19 22 | 22.7
Armour         | 3 4 6 7 9 12 | 12.5
Evocations     | 3 7 10 18 | 18.2
Shields        | 2 3 4 |  4.0
Long Blades    | 5 7 9 11 | 11.9
Staves         | 12 | 12.0

Action                     |  1- 3 |  4- 6 |  7- 9 | 10-12 | 13-15 | 16-18 | 19-21 | 22-24 | 25-27 || total
---------------------------+-------+-------+-------+-------+-------+-------+-------+-------+-------++-------
  Melee: Falchion          |       |     1 |       |     2 |     5 |     6 |     7 |     5 |     5 ||    31
         Staff             |       |       |       |       |       |       |       |       |     3 ||     3
   Cast: Foxfire           |    64 |   106 |    94 |   165 |   283 |    78 |       |       |       ||   790
         Scorch            |     4 |    29 |    17 |    56 |   100 |    35 |     1 |       |       ||   242
         Flame Wave        |       |     1 |     7 |    20 |    30 |     9 |    11 |       |     3 ||    81
         Momentum Strike   |       |       |    10 |    10 |     3 |       |     1 |       |       ||    24
         Volatile Blastmot |       |       |     2 |    41 |    23 |     2 |       |       |       ||    68
         Airstrike         |       |       |    23 |    79 |    30 |       |       |     1 |       ||   133
         Inner Flame       |       |       |       |    39 |    17 |     1 |       |       |       ||    57
         Yara's Violent Un |       |       |       |       |     3 |     2 |    12 |    37 |    32 ||    86
         Summon Forest     |       |       |       |       |    25 |     4 |       |       |       ||    29
         Permafrost Erupti |       |       |       |       |    41 |   204 |   396 |   335 |   407 ||  1383
         Plasma Beam       |       |       |       |       |       |       |   193 |   156 |   495 ||   844
         Enfeeble          |       |       |       |       |       |       |     1 |     1 |    10 ||    12
         Lehudib's Crystal |       |       |       |       |       |       |       |    88 |   628 ||   716
         Infestation       |       |       |       |       |       |       |       |     8 |     1 ||     9
         Shatter           |       |       |       |       |       |       |       |       |    60 ||    60
 Invoke: Curse Item        |       |       |       |     1 |     7 |     1 |       |     3 |     2 ||    14
         Shatter the Chain |       |       |       |       |       |     1 |       |     2 |     2 ||     5
  Evoke: Wand              |       |       |       |       |     2 |       |       |       |     5 ||     7
         Gell's gravitambo |       |       |       |       |       |       |     1 |       |       ||     1
         Phantom mirror    |       |       |       |       |       |       |       |       |     1 ||     1
    Use: Scroll            |       |     7 |     5 |       |     4 |     1 |       |     6 |    11 ||    34
         Potion            |       |       |       |       |     2 |     4 |     1 |     1 |    17 ||    25
 Armour: Robe              |     4 |     8 |    12 |       |       |       |       |       |       ||    24
         Ring mail         |       |       |     7 |    78 |    78 |     2 |       |       |       ||   165
         Troll leather arm |       |       |       |       |       |    19 |    36 |    85 |   223 ||   363
  Dodge: Dodged            |     4 |     6 |    16 |    37 |    41 |    48 |    39 |   108 |   245 ||   544
  Block: Buckler           |       |       |       |       |    24 |    24 |    42 |    44 |    92 ||   226

Levels and vault maps discovered:
D:1:      wander_arrival_abandoned_jail, layout_basic
D:2:      minmay_alternating_diamond, layout_loops_ring, minmay_ruptured
D:3:      layout_loops_ring, worldfamousw_hep_ancestral_shrine,
          nicolae_gozag_cash_rules_everything_around_me, st_stairs_13
D:4:      layout_loops_ring, hellmonk_ghost_happy_afterlife
D:5:      layout_basic, dreamdust_mushroom_princess
D:6:      layout_basic, dreamdust_divine_triumvirate, kennysheep_little_box,
          minmay_circle_x, uniq_eustachio
D:7:      layout_rooms, minmay_temple_entry_wispy
D:8:      layout_loops_corners, serial_rivers, chequers_serial_rivers_small_b,
          chequers_serial_rivers_micro_b, chequers_serial_rivers_small_3,
          chequers_serial_rivers_small_a, roderic_serpentine_path,
          minmay_misc_feat_encased, roadster_capsule_ark_zombie
D:9:      minmay_imperfect_grid, layout_irregular_city,
          lemuel_mausoleum_altar_yredelemnul, lemuel_doored_altar,
          mainiacjoe_overflow_boulevard, serial_shops,
          nicolae_shop_window_shopping, kennysheep_windowed_goal, uniq_pikel
D:10:     layout_long_grid, overflow_temple_1_default,
          overflow_temple_1_default, due_lair_maze_entry_diamond,
          minmay_orc_entry_temple_small, serial_shops,
          nicolae_shop_hallway_plus, ebering_ghost_funeral_grove,
          chequers_garden, kennysheep_just_a_vault, uniq_josephine, uniq_joseph
D:11:     layout_basic
D:12:     layout_roguey, ploomutoo_gammafunk_ghost_potion_laboratory, eino_jars
D:13:     layout_stronghold
D:14:     layout_roguey, grunt_vaults_entry_fortified, dk_noncrumbling_4,
          drop_trap, grunt_ministairs_2, uniq_louise, uniq_kirke
D:15:     hangedman_depths_entry_civil_slaughter, layout_rooms, serial_rivers,
          chequers_serial_rivers_large_a, chequers_serial_rivers_micro_c,
          chequers_serial_rivers_small_b, chequers_serial_rivers_micro_e,
          chequers_serial_rivers_micro_a, hangedman_decor_slide_cut,
          elyvilon_altar_1
Temple:   hellmonk_temple_of_storms
Lair:1:   kb_forest_paths, layout_hall_layers, nicolae_lair_lindhole,
          serial_bayou_shore_b, uniq_maggie
Lair:2:   layout_concentric_octagons, mainiacjoe_swamp_entry_lozenge_pond,
          minivault_11, roderic_batcave, minmay_hedge_maze
Lair:3:   layout_layer_cave, minmay_snake_entry_six_corridors
Lair:4:   layout_big_grid
Lair:5:   gammafunk_lair_ancient_temple, layout_small_grid,
          dpeg_slime_entry_corner, ebering_ghost_xom, lemuel_fruit_fields,
          lemuel_fruit_fields, infiniplex_staircase_pool_2
Swamp:1:  nicolae_swamp_standing_stones, layout_basic_swamp,
          nicolae_swamp_reclaimed_castle
Swamp:2:  layout_basic_swamp, evilmike_swamp_ruin_house_1, uniq_aizul
Swamp:3:  layout_basic_swamp, serial_swamp_ruin, evilmike_swamp_ruin_rubble_2,
          evilmike_swamp_ruin_house_5, evilmike_swamp_ruin_house_2,
          swamp_pool_1_2
Swamp:4:  swamp_fiery, layout_basic_swamp, uniq_roxanne
Snake:1:  layout_grid_maze, serial_bayou_crossing
Snake:2:  layout_misc_corridors, nicolae_shop_gadgets
Snake:3:  layout_misc_corridors
Snake:4:  snake_pit, layout_basic, basic_altar, nrook_loot_triangle
Orc:1:    layout_diamond_mine, basic_altar, uniq_jorgrun
Orc:2:    grunt_orc_tribal_feast, layout_diamond_mine, portal_ice_cave_rime
Elf:1:    eino_elf_arrival_customs, layout_geoelf_diagonals, serial_shops, shop,
          regret_index_elf_centigrade, hangedman_decor_cross_pass
Elf:2:    elven_hall_of_blades_hangedman_alternative [nicolae_blade_bullseye],
          layout_loops_corners
Elf:3:    minmay_elf_hall_spiked, layout_geoelf_octagon, serial_shops,
          nicolae_shop_stone, minmay_shop_grove, uniq_bai_suzhen
Vaults:1: ontoclasm_vaults_misaligned, nicolae_vaults_hallways_thing,
          nicolae_vaults_closet_pinwheel_5, vaults_room_corners,
          nicolae_vaults_tetromino_T_1, nicolae_vaults_gold_heap,
          layout_vaults_omnigrid
Vaults:2: nicolae_vaults_border_crossing, ontoclasm_vaults_spin,
          serial_library_regret_index_headful, vaults_room_pool,
          minmay_crypt_entry_simple_round, nicolae_vaults_shelves_hall,
          nicolae_vaults_specimen_jars, nicolae_vaults_trapezoid_layered,
          hangedman_vaults_stagger, nicolae_vaults_storage_closets_2,
          layout_vaults_omnicross, serial_shops, shop, shop, uniq_frederick,
          uniq_sojobo
Vaults:3: infiniplex_enter_wizlab_glasses, nicolae_vaults_yaktaur_gun_rack,
          nicolae_vaults_octothorpe, v_alt_pattern_5,
          nicolae_vaults_network_square, nicolae_vaults_house_1,
          ontoclasm_vaults_twist, nicolae_vaults_asterisk, v_misc_19, v_misc_26,
          nicolae_vaults_little_squares_2, vaults_dpeg_ring, v_alt_pattern_6,
          nicolae_vaults_tetromino_T_2, v_misc_29, nicolae_vaults_double_plus_1,
          nicolae_vaults_trapezoid_1, layout_vaults_omnibox, serial_shops,
          nicolae_shop_tiny_statue_garden, shop
Vaults:4: serial_library_hellmonk_reading_circle, lightli_orcish_oven,
          hangedman_vaults_impose, nicolae_vaults_more_shelving_2,
          nicolae_vaults_cornered_office, nicolae_vaults_security_offices_4,
          nicolae_vaults_offset_grid_hallway_3, nicolae_vaults_tetromino_Z_1,
          nicolae_vaults_little_squares_2, nicolae_vaults_little_squares_4,
          vaults_dpeg_encased_lava, layout_vaults_chaotic_city
Vaults:5
Crypt:1:  layout_rooms, uniq_mennas
Crypt:2:  layout_chaotic_city, grunt_megastairs_1, lemuel_upstairs_altar
Crypt:3:  evilmike_haunted_forest
Depths:1: layout_gridlike, minmay_misc_feat_plants, hell_entry, roadster_trireme
Depths:2: minmay_inside_and_out, layout_cave_shapes, pf_coc_iceberg,
          rand_demon_pan_entry_9, dk_noncrumbling_3
Depths:3: cheibrodos_witchhunters_guild, layout_gridlike,
          nicolae_qazlal_style_of_elements,
          nicolae_hell_entry_hellmouth_sunbeams, abyss_entry,
          onia_ninara_dug_in_and_dangerous, uniq_margery
Depths:4: evilmike_zot_entry_diamond, layout_basic, enter_ziggurat_f,
          minmay_room_of_horrors, hell_entry, uniq_josephina
Zot:1:    layout_misc_corridors, regret_index_zotdec_plus
Zot:2:    layout_onion_interference
Zot:3:    layout_concentric_octagons, evilmike_ambush
          [evilmike_ambush_outer_corners, evilmike_ambush_inner_pond]
Zot:4:    layout_misc_corridors, regret_index_zotdec_icy_dp, not_door_vault_mu
Zot:5:    layout_misc_corridors

Notes
Turn   | Place    | Note
-------+----------+-------------------------------------------
     0 | D:1      | Drazool the Djinni Fire Elementalist began the quest for
                  | the Orb.
     0 | D:1      | Drazool set off with the following spells memorised:
                  | Foxfire, Scorch, Volatile Blastmotes, Inner Flame, Flame
                  | Wave.
     0 | D:1      | Reached XP level 1. HP: 15/15 MP: 0/0
   199 | D:1      | Reached XP level 2. HP: 20/21 MP: 0/0
   470 | D:1      | Reached XP level 3. HP: 23/25 MP: 0/0
   470 | D:1      | Learned a level 1 spell: Slow
   870 | D:2      | Reached skill level 4 in Spellcasting
   870 | D:2      | Reached skill level 4 in Conjurations
   870 | D:2      | Reached skill level 4 in Hexes
   870 | D:2      | Reached skill level 4 in Summonings
   870 | D:2      | Reached skill level 4 in Necromancy
   870 | D:2      | Reached skill level 4 in Translocations
   870 | D:2      | Reached skill level 4 in Fire Magic
   870 | D:2      | Reached skill level 4 in Ice Magic
   870 | D:2      | Reached skill level 4 in Air Magic
   870 | D:2      | Reached skill level 4 in Earth Magic
   870 | D:2      | Reached skill level 4 in Alchemy
  1003 | D:2      | Reached XP level 4. HP: 27/31 MP: 0/0
  1250 | D:2      | Reached XP level 5. HP: 15/35 MP: 0/0
  1250 | D:2      | Learned a level 2 spell: Lesser Beckoning
  1937 | D:3      | Reached skill level 5 in Spellcasting
  1937 | D:3      | Reached skill level 5 in Conjurations
  1937 | D:3      | Reached skill level 5 in Hexes
  1937 | D:3      | Reached skill level 5 in Summonings
  1937 | D:3      | Reached skill level 5 in Necromancy
  1937 | D:3      | Reached skill level 5 in Translocations
  1937 | D:3      | Reached skill level 5 in Fire Magic
  1937 | D:3      | Reached skill level 5 in Ice Magic
  1937 | D:3      | Reached skill level 5 in Air Magic
  1937 | D:3      | Reached skill level 5 in Earth Magic
  1937 | D:3      | Reached skill level 5 in Alchemy
  2149 | D:3      | Found an opulent altar of Gozag.
  2215 | D:3      | Reached skill level 1 in Fighting
  2473 | D:3      | Reached skill level 2 in Fighting
  2473 | D:3      | Reached XP level 6. HP: 22/43 MP: 0/0
  2604 | D:3      | Found a hazy altar of Hepliaklqana.
  2890 | D:4      | Reached skill level 3 in Fighting
  3048 | D:4      | Noticed gribnar's ghost (novice DsSu)
  3054 | D:4      | Found a runed translucent door.
  3242 | D:4      | Noticed an ogre
  3247 | D:4      | Killed an ogre
  3248 | D:4      | Reached skill level 2 in Stealth
  3248 | D:4      | Reached skill level 3 in Dodging
  3266 | D:4      | Reached XP level 7. HP: 48/50 MP: 0/0
  3266 | D:4      | Learned a level 2 spell: Momentum Strike
  3531 | D:5      | Entered Level 5 of the Dungeon
  3720 | D:5      | Noticed a wyvern
  3727 | D:5      | Killed a wyvern
  3728 | D:5      | Reached skill level 6 in Spellcasting
  3728 | D:5      | Reached skill level 6 in Conjurations
  3728 | D:5      | Reached skill level 6 in Hexes
  3728 | D:5      | Reached skill level 6 in Summonings
  3728 | D:5      | Reached skill level 6 in Necromancy
  3728 | D:5      | Reached skill level 6 in Translocations
  3728 | D:5      | Reached skill level 6 in Fire Magic
  3728 | D:5      | Reached skill level 6 in Ice Magic
  3728 | D:5      | Reached skill level 6 in Air Magic
  3728 | D:5      | Reached skill level 6 in Earth Magic
  3728 | D:5      | Reached skill level 6 in Alchemy
  3729 | D:5      | Reached XP level 8. HP: 7/56 MP: 0/0
  4059 | D:5      | Identified the +0 scale mail "Heraod" {rElec Will+ rCorr}
  4714 | D:6      | Reached skill level 7 in Spellcasting
  4714 | D:6      | Reached skill level 7 in Conjurations
  4714 | D:6      | Reached skill level 7 in Hexes
  4714 | D:6      | Reached skill level 7 in Summonings
  4714 | D:6      | Reached skill level 7 in Necromancy
  4714 | D:6      | Reached skill level 7 in Translocations
  4714 | D:6      | Reached skill level 7 in Fire Magic
  4714 | D:6      | Reached skill level 7 in Ice Magic
  4714 | D:6      | Reached skill level 7 in Air Magic
  4714 | D:6      | Reached skill level 7 in Earth Magic
  4714 | D:6      | Reached skill level 7 in Alchemy
  4759 | D:6      | Found a white marble altar of Elyvilon.
  4761 | D:6      | Found a glowing silver altar of Zin.
  4761 | D:6      | Found a glowing golden altar of the Shining One.
  4814 | D:6      | Noticed Eustachio
  4823 | D:6      | Killed Eustachio
  4824 | D:6      | Reached skill level 4 in Fighting
  4843 | D:6      | Reached skill level 5 in Fighting
  4851 | D:6      | Reached skill level 4 in Dodging
  5206 | D:6      | Reached XP level 9. HP: 63/65 MP: 0/0
  5206 | D:6      | Learned a level 4 spell: Airstrike
  5520 | D:7      | Found a staircase to the Ecumenical Temple.
  5526 | Temple   | Entered the Ecumenical Temple
  5536 | D:7      | Reached skill level 5 in Dodging
  5578 | D:7      | Reached skill level 1 in Armour
  5637 | D:7      | Reached skill level 2 in Armour
  5639 | D:7      | Reached skill level 3 in Armour
  5639 | D:7      | Reached skill level 1 in Evocations
  5641 | D:7      | Reached skill level 2 in Evocations
  5711 | D:7      | Reached skill level 3 in Evocations
  6427 | D:8      | Reached skill level 8 in Spellcasting
  6427 | D:8      | Reached skill level 8 in Conjurations
  6427 | D:8      | Reached skill level 8 in Hexes
  6427 | D:8      | Reached skill level 8 in Summonings
  6427 | D:8      | Reached skill level 8 in Necromancy
  6427 | D:8      | Reached skill level 8 in Translocations
  6427 | D:8      | Reached skill level 8 in Fire Magic
  6427 | D:8      | Reached skill level 8 in Ice Magic
  6427 | D:8      | Reached skill level 8 in Air Magic
  6427 | D:8      | Reached skill level 8 in Earth Magic
  6427 | D:8      | Reached skill level 8 in Alchemy
  6575 | D:8      | Reached skill level 6 in Fighting
  6602 | D:8      | Reached XP level 10. HP: 51/72 MP: 0/0
  6608 | D:8      | Reached skill level 6 in Dodging
  6806 | D:8      | Reached skill level 7 in Dodging
  6814 | D:8      | Reached skill level 4 in Armour
  7423 | D:8      | Reached skill level 9 in Spellcasting
  7423 | D:8      | Reached skill level 9 in Conjurations
  7423 | D:8      | Reached skill level 9 in Hexes
  7423 | D:8      | Reached skill level 9 in Summonings
  7423 | D:8      | Reached skill level 9 in Necromancy
  7423 | D:8      | Reached skill level 9 in Translocations
  7423 | D:8      | Reached skill level 9 in Fire Magic
  7423 | D:8      | Reached skill level 9 in Ice Magic
  7423 | D:8      | Reached skill level 9 in Air Magic
  7423 | D:8      | Reached skill level 9 in Earth Magic
  7423 | D:8      | Reached skill level 9 in Alchemy
  8398 | D:9      | Found Ocounet's Jewellery Shoppe.
  8470 | D:9      | Noticed Pikel
  8492 | D:9      | Killed Pikel
  8639 | D:9      | Found an iron altar of Okawaru.
  8660 | D:9      | Noticed a two-headed ogre
  8671 | D:9      | Killed a two-headed ogre
  8672 | D:9      | Reached skill level 10 in Spellcasting
  8672 | D:9      | Reached skill level 10 in Conjurations
  8672 | D:9      | Reached skill level 10 in Hexes
  8672 | D:9      | Reached skill level 10 in Summonings
  8672 | D:9      | Reached skill level 10 in Necromancy
  8672 | D:9      | Reached skill level 10 in Translocations
  8672 | D:9      | Reached skill level 10 in Fire Magic
  8672 | D:9      | Reached skill level 10 in Ice Magic
  8672 | D:9      | Reached skill level 10 in Air Magic
  8672 | D:9      | Reached skill level 10 in Earth Magic
  8672 | D:9      | Reached skill level 10 in Alchemy
  8672 | D:9      | Reached XP level 11. HP: 63/78 MP: 0/0
  8672 | D:9      | Learned a level 5 spell: Yara's Violent Unravelling
  8752 | D:9      | Noticed a two-headed ogre
  8841 | D:9      | Found Plog's Book Shop.
  8846 | D:9      | Reached skill level 7 in Fighting
  8916 | D:9      | Noticed a rakshasa
  8920 | D:9      | Killed a rakshasa
  8921 | D:9      | Reached skill level 8 in Fighting
  8937 | D:9      | Reached skill level 5 in Armour
  8998 | D:9      | Noticed a two-headed ogre
  9001 | D:9      | Killed a two-headed ogre
  9008 | D:9      | Reached skill level 6 in Armour
  9424 | D:9      | Reached skill level 3 in Stealth
  9434 | D:9      | Killed a two-headed ogre
  9435 | D:9      | Reached skill level 4 in Stealth
  9747 | D:9      | Found a basalt altar of Yredelemnul.
  9882 | D:9      | Noticed a two-headed ogre
  9887 | D:9      | Killed a two-headed ogre
 10009 | D:9      | Reached XP level 12. HP: 74/86 MP: 0/0
 10237 | D:9      | Found a broken altar of Ashenzari.
 10245 | D:9      | Became a worshipper of Ashenzari the Shackled
 10457 | D:9      | Reached skill level 11 in Spellcasting
 10457 | D:9      | Reached skill level 11 in Conjurations
 10457 | D:9      | Reached skill level 11 in Hexes
 10457 | D:9      | Reached skill level 11 in Summonings
 10457 | D:9      | Reached skill level 11 in Necromancy
 10457 | D:9      | Reached skill level 11 in Translocations
 10457 | D:9      | Reached skill level 11 in Fire Magic
 10457 | D:9      | Reached skill level 11 in Ice Magic
 10457 | D:9      | Reached skill level 11 in Air Magic
 10457 | D:9      | Reached skill level 11 in Earth Magic
 10457 | D:9      | Reached skill level 11 in Alchemy
 10935 | D:10     | Entered Level 10 of the Dungeon
 10943 | D:10     | Found a hide-covered altar of Uskayaw.
 11050 | D:10     | Found a runed translucent door.
 11053 | D:10     | Noticed TwadoKnight's ghost (novice MiFi)
 11054 | D:10     | Noticed a spriggan rider
 11056 | D:10     | Identified the +4 spear "Zaih" {flame, rCorr Stlth+}
 11114 | D:10     | Noticed Josephine
 11333 | D:9      | Killed Josephine
 11655 | D:10     | Noticed an ice dragon
 11889 | D:10     | Reached skill level 12 in Spellcasting
 11889 | D:10     | Reached skill level 12 in Conjurations
 11889 | D:10     | Reached skill level 12 in Hexes
 11889 | D:10     | Reached skill level 12 in Summonings
 11889 | D:10     | Reached skill level 12 in Necromancy
 11889 | D:10     | Reached skill level 12 in Translocations
 11889 | D:10     | Reached skill level 12 in Fire Magic
 11889 | D:10     | Reached skill level 12 in Ice Magic
 11889 | D:10     | Reached skill level 12 in Air Magic
 11889 | D:10     | Reached skill level 12 in Earth Magic
 11889 | D:10     | Reached skill level 12 in Alchemy
 12117 | D:10     | Noticed Joseph
 12123 | D:10     | Killed Joseph
 12370 | D:10     | Found a staircase to the Lair.
 12410 | D:10     | Noticed a two-headed ogre
 12414 | D:10     | Killed a two-headed ogre
 12415 | D:10     | Reached skill level 9 in Fighting
 12966 | D:10     | Found a staircase to the Orcish Mines.
 12993 | D:10     | Found a roughly hewn altar of Beogh.
 13025 | D:10     | Found Xusigy's Armour Shoppe.
 13231 | D:11     | Noticed a two-headed ogre
 13233 | D:11     | Noticed a two-headed ogre
 13234 | D:11     | Killed a two-headed ogre
 13243 | D:11     | Killed a two-headed ogre
 13244 | D:11     | Reached skill level 10 in Fighting
 13346 | D:11     | Reached XP level 13. HP: 92/96 MP: 0/0
 13346 | D:11     | Learned a level 5 spell: Summon Forest
 13374 | D:11     | Reached skill level 8 in Dodging
 13485 | D:11     | Reached * piety under Ashenzari
 13672 | D:11     | Reached skill level 9 in Dodging
 13974 | D:11     | You are sucked into a shaft and drop 2 floors!
 13975 | D:13     | Noticed a six-headed hydra
 13993 | D:13     | Reached ** piety under Ashenzari
 14139 | Lair:1   | Entered Level 1 of the Lair of Beasts
 14412 | Lair:1   | Reached skill level 13 in Spellcasting
 14412 | Lair:1   | Reached skill level 13 in Conjurations
 14412 | Lair:1   | Reached skill level 13 in Hexes
 14412 | Lair:1   | Reached skill level 13 in Summonings
 14412 | Lair:1   | Reached skill level 13 in Necromancy
 14412 | Lair:1   | Reached skill level 13 in Translocations
 14412 | Lair:1   | Reached skill level 13 in Fire Magic
 14412 | Lair:1   | Reached skill level 13 in Ice Magic
 14412 | Lair:1   | Reached skill level 13 in Air Magic
 14412 | Lair:1   | Reached skill level 13 in Earth Magic
 14412 | Lair:1   | Reached skill level 13 in Alchemy
 14500 | Lair:1   | Identified the +0 leather armour of Xohug {Harm Int+2}
 15146 | Lair:1   | Reached skill level 11 in Fighting
 15896 | Lair:2   | Reached *** piety under Ashenzari
 15964 | Lair:2   | Noticed a six-headed hydra
 15983 | Lair:2   | Killed a six-headed hydra
 16080 | Lair:2   | Noticed an alligator
 16092 | Lair:2   | Killed an alligator
 16148 | Lair:2   | Reached skill level 1 in Shields
 16259 | Lair:2   | Noticed a four-headed hydra
 16266 | Lair:2   | Killed a four-headed hydra
 16267 | Lair:2   | Reached skill level 2 in Shields
 16545 | Lair:2   | Reached XP level 14. HP: 77/105 MP: 0/0
 17122 | Lair:2   | Found a staircase to the Swamp.
 17531 | Lair:3   | You are sucked into a shaft and drop 1 floor!
 17779 | Lair:4   | Reached **** piety under Ashenzari
 17962 | Lair:3   | Found a staircase to the Snake Pit.
 17976 | Lair:3   | Reached skill level 3 in Shields
 18342 | Lair:3   | Reached skill level 5 in Stealth
 18349 | Lair:3   | Reached skill level 7 in Armour
 18382 | Lair:3   | Reached skill level 10 in Dodging
 18988 | Lair:3   | Reached ***** piety under Ashenzari
 19122 | Lair:3   | Reached skill level 1 in Long Blades
 19497 | Lair:4   | Reached skill level 2 in Long Blades
 19971 | Lair:5   | Entered Level 5 of the Lair of Beasts
 19971 | Lair:5   | Identified the +0 spear of Reheute {elec, rCorr Str+2 SInv}
 20029 | Lair:5   | Reached skill level 3 in Long Blades
 20051 | Lair:5   | Reached skill level 4 in Long Blades
 20303 | Lair:5   | Reached skill level 5 in Long Blades
 20332 | Lair:5   | Reached XP level 15. HP: 97/120 MP: 0/0
 20332 | Lair:5   | Learned a level 6 spell: Permafrost Eruption
 20372 | Lair:5   | Identified a potion of experience
 20656 | Lair:5   | Reached skill level 4 in Shields
 20856 | Lair:5   | Found a staircase to the Slime Pits.
 20861 | Lair:5   | Found a viscous altar of Jiyva.
 21199 | Lair:5   | Reached skill level 14 in Spellcasting
 21199 | Lair:5   | Reached skill level 14 in Conjurations
 21199 | Lair:5   | Reached skill level 14 in Hexes
 21199 | Lair:5   | Reached skill level 14 in Summonings
 21199 | Lair:5   | Reached skill level 14 in Necromancy
 21199 | Lair:5   | Reached skill level 14 in Translocations
 21199 | Lair:5   | Reached skill level 14 in Fire Magic
 21199 | Lair:5   | Reached skill level 14 in Ice Magic
 21199 | Lair:5   | Reached skill level 14 in Air Magic
 21199 | Lair:5   | Reached skill level 14 in Earth Magic
 21199 | Lair:5   | Reached skill level 14 in Alchemy
 21702 | Lair:5   | Found a runed translucent door.
 21706 | Lair:5   | Found a shimmering altar of Xom.
 21706 | Lair:5   | Noticed pesado's ghost (journeyman DrCj)
 21850 | Lair:5   | Reached skill level 7 in Long Blades
 21850 | Lair:5   | Reached XP level 16. HP: 126/126 MP: 0/0
 22172 | Orc:1    | Entered Level 1 of the Orcish Mines
 22256 | Orc:2    | Entered Level 2 of the Orcish Mines
 22369 | Orc:2    | Found a frozen archway.
 22490 | IceCv    | Entered an ice cave
 22499 | IceCv    | Found a transporter.
 22504 | IceCv    | Identified the Notes on Curses and the Boggart
 22506 | IceCv    | Found a transporter.
 22930 | Orc:2    | Found a staircase to the Elven Halls.
 23024 | Orc:2    | Reached skill level 15 in Spellcasting
 23024 | Orc:2    | Reached skill level 15 in Conjurations
 23024 | Orc:2    | Reached skill level 15 in Hexes
 23024 | Orc:2    | Reached skill level 15 in Summonings
 23024 | Orc:2    | Reached skill level 15 in Necromancy
 23024 | Orc:2    | Reached skill level 15 in Translocations
 23024 | Orc:2    | Reached skill level 15 in Fire Magic
 23024 | Orc:2    | Reached skill level 15 in Ice Magic
 23024 | Orc:2    | Reached skill level 15 in Air Magic
 23024 | Orc:2    | Reached skill level 15 in Earth Magic
 23024 | Orc:2    | Reached skill level 15 in Alchemy
 23096 | Orc:2    | Found Uhumiumo's Antique Armour Shoppe.
 23096 | Orc:2    | Found Ujoa's General Store.
 23098 | Orc:2    | Found Deunwiev's Distillery.
 23098 | Orc:2    | Found Uferirchuh's Antique Armour Shop.
 23104 | Orc:2    | Bought a spiked troll leather armour for 340 gold pieces
 23104 | Orc:2    | Identified the +1 troll leather armour of Noxziubo {Rampage
                  | rC- Regen+ Int+3 Stlth+} (You bought it in a shop on level
                  | 2 of the Orcish Mines)
 23115 | Orc:2    | Bought a potion of heal wounds for 60 gold pieces
 23115 | Orc:2    | Bought a potion of invisibility for 96 gold pieces
 23115 | Orc:2    | Bought a potion of experience for 600 gold pieces
 23115 | Orc:2    | Bought a potion of heal wounds for 60 gold pieces
 23401 | Orc:1    | Noticed Jorgrun
 23404 | Orc:1    | Killed Jorgrun
 23405 | Orc:1    | Reached XP level 17. HP: 82/131 MP: 0/0
 23405 | Orc:1    | Learned a level 7 spell: Enfeeble
 23405 | Orc:1    | Reached skill level 9 in Long Blades
 23405 | Orc:1    | Reached XP level 18. HP: 86/138 MP: 0/0
 23535 | Orc:1    | Found a roughly hewn altar of Beogh.
 23934 | D:12     | Found a runed translucent gate.
 23934 | D:12     | Found a runed translucent gate.
 23935 | D:12     | Found a runed translucent gate.
 24556 | D:12     | Found a runed translucent gate.
 24556 | D:12     | Found a runed translucent gate.
 24562 | D:12     | Found a runed translucent gate.
 24562 | D:12     | Noticed Foxy's ghost (journeyman CoHu)
 25004 | D:13     | Reached skill level 12 in Fighting
 25404 | D:14     | Noticed Louise
 25409 | D:14     | Killed Louise
 25617 | D:14     | Noticed Kirke
 25622 | D:14     | Killed Kirke
 25688 | D:14     | Reached skill level 13 in Fighting
 25829 | D:14     | Found a gate to the Vaults.
 26156 | D:15     | Entered Level 15 of the Dungeon
 26265 | D:15     | Reached skill level 10 in Long Blades
 26498 | D:15     | Found a staircase to the Depths.
 26541 | D:15     | Reached skill level 11 in Long Blades
 26813 | D:15     | Found a white marble altar of Elyvilon.
 27110 | Snake:1  | Entered Level 1 of the Snake Pit
 27326 | Snake:1  | Reached XP level 19. HP: 143/148 MP: 0/0
 27326 | Snake:1  | Learned a level 6 spell: Plasma Beam
 27479 | Snake:1  | Reached skill level 16 in Spellcasting
 27479 | Snake:1  | Reached skill level 16 in Conjurations
 27479 | Snake:1  | Reached skill level 16 in Hexes
 27479 | Snake:1  | Reached skill level 16 in Summonings
 27479 | Snake:1  | Reached skill level 16 in Necromancy
 27479 | Snake:1  | Reached skill level 16 in Translocations
 27479 | Snake:1  | Reached skill level 16 in Fire Magic
 27479 | Snake:1  | Reached skill level 16 in Ice Magic
 27479 | Snake:1  | Reached skill level 16 in Air Magic
 27479 | Snake:1  | Reached skill level 16 in Earth Magic
 27479 | Snake:1  | Reached skill level 16 in Alchemy
 27642 | Snake:1  | Reached skill level 14 in Fighting
 27642 | Snake:1  | Reached skill level 11 in Dodging
 27902 | Snake:1  | Identified the +1 scimitar of the Bruised Friends {heavy,
                  | Will++ Int+2 Dex-4 SInv}
 28718 | Snake:2  | Found Peagoiz's Gadget Gallery.
 28726 | Snake:2  | Bought a Gell's gravitambourine (2/2) for 560 gold pieces
 29548 | Snake:3  | Reached skill level 12 in Dodging
 30175 | Snake:4  | Entered Level 4 of the Snake Pit
 30258 | Snake:4  | Reached skill level 15 in Fighting
 30731 | Snake:4  | Reached XP level 20. HP: 144/158 MP: 0/0
 30893 | Snake:4  | Reached skill level 17 in Spellcasting
 30893 | Snake:4  | Reached skill level 17 in Conjurations
 30893 | Snake:4  | Reached skill level 17 in Hexes
 30893 | Snake:4  | Reached skill level 17 in Summonings
 30893 | Snake:4  | Reached skill level 17 in Necromancy
 30893 | Snake:4  | Reached skill level 17 in Translocations
 30893 | Snake:4  | Reached skill level 17 in Fire Magic
 30893 | Snake:4  | Reached skill level 17 in Ice Magic
 30893 | Snake:4  | Reached skill level 17 in Air Magic
 30893 | Snake:4  | Reached skill level 17 in Earth Magic
 30893 | Snake:4  | Reached skill level 17 in Alchemy
 30947 | Snake:4  | Identified a +2 robe of resistance
 31045 | Snake:4  | Found an opulent altar of Gozag.
 31095 | Snake:4  | Identified a potion of resistance
 31294 | Snake:4  | Got a serpentine rune of Zot
 31723 | Swamp:1  | Entered Level 1 of the Swamp
 32909 | Swamp:2  | Found the +7 hand cannon "Mule" {flame, backblast, rF+}
 32918 | Swamp:2  | Reached skill level 18 in Spellcasting
 32918 | Swamp:2  | Reached skill level 18 in Conjurations
 32918 | Swamp:2  | Reached skill level 18 in Hexes
 32918 | Swamp:2  | Reached skill level 18 in Summonings
 32918 | Swamp:2  | Reached skill level 18 in Necromancy
 32918 | Swamp:2  | Reached skill level 18 in Translocations
 32918 | Swamp:2  | Reached skill level 18 in Fire Magic
 32918 | Swamp:2  | Reached skill level 18 in Ice Magic
 32918 | Swamp:2  | Reached skill level 18 in Air Magic
 32918 | Swamp:2  | Reached skill level 18 in Earth Magic
 32918 | Swamp:2  | Reached skill level 18 in Alchemy
 32954 | Swamp:2  | Identified the serpent talisman of the Changing Gods {rF+++
                  | rC- Will- rCorr}
 32954 | Swamp:2  | Noticed Aizul
 32960 | Swamp:2  | Killed Aizul
 32961 | Swamp:2  | Reached skill level 13 in Dodging
 33898 | Swamp:3  | Reached skill level 14 in Dodging
 34057 | Swamp:4  | Entered Level 4 of the Swamp
 34057 | Swamp:4  | Noticed Roxanne
 34230 | Swamp:4  | Reached XP level 21. HP: 156/166 MP: 0/0
 34230 | Swamp:4  | Learned a level 8 spell: Infestation
 34462 | Swamp:4  | Reached skill level 4 in Evocations
 34569 | Swamp:4  | Reached skill level 5 in Evocations
 35010 | Vaults:1 | Entered Level 1 of the Vaults
 35061 | Vaults:1 | Reached skill level 6 in Evocations
 35156 | Vaults:1 | Reached skill level 7 in Evocations
 35247 | D:14     | Identified the cursed +1 falchion of Curses and Power
                  | {elec, Melee, Sorc} (You found it on level 3 of the
                  | Dungeon)
 35247 | D:14     | Identified the cursed +0 cloak "Tethered Anxiety" {Comp,
                  | Cun} (You found it on level 10 of the Dungeon)
 35247 | D:14     | Identified the cursed +0 helmet of the Eye in the Sky {Cun,
                  | Self} (You found it on level 2 of the Lair of Beasts)
 35247 | D:14     | Identified the cursed +2 pair of gloves "Chained Together"
                  | {Sorc, Range} (You found it on level 7 of the Dungeon)
 35247 | D:14     | Identified the cursed +2 buckler "Gloom of Ashenzari" {Cun,
                  | Self} (You took it off a spriggan on level 1 of the Lair of
                  | Beasts)
 35247 | D:14     | Identified the cursed +0 troll leather armour "Behold
                  | Eternity" {Regen+, Comp, Bglg} (You found it on level 2 of
                  | the Orcish Mines)
 35247 | D:14     | Identified the cursed ring "Yoke of Ashenzari" {rC+, Elem,
                  | Bglg} (You took it off an orc priest on level 6 of the
                  | Dungeon)
 35247 | D:14     | Identified the cursed ring "Gaze Upon Infinity" {Dex+6,
                  | Fort, Elem} (You found it on level 8 of the Dungeon)
 36228 | Vaults:1 | Reached skill level 19 in Spellcasting
 36228 | Vaults:1 | Reached skill level 19 in Conjurations
 36228 | Vaults:1 | Reached skill level 19 in Hexes
 36228 | Vaults:1 | Reached skill level 19 in Summonings
 36228 | Vaults:1 | Reached skill level 19 in Necromancy
 36228 | Vaults:1 | Reached skill level 19 in Translocations
 36228 | Vaults:1 | Reached skill level 19 in Fire Magic
 36228 | Vaults:1 | Reached skill level 19 in Ice Magic
 36228 | Vaults:1 | Reached skill level 19 in Air Magic
 36228 | Vaults:1 | Reached skill level 19 in Earth Magic
 36228 | Vaults:1 | Reached skill level 19 in Alchemy
 36568 | Vaults:2 | Noticed Sojobo
 36573 | Vaults:2 | Killed Sojobo
 36786 | Vaults:2 | Identified the orb "Eteots" {*channel, rElec Will- Str+3
                  | Dex+7}
 36786 | Vaults:2 | Noticed Frederick
 36792 | Vaults:2 | Killed Frederick
 36793 | Vaults:2 | Reached XP level 22. HP: 142/172 MP: 0/0
 37120 | Vaults:2 | Found Qetuf's Weapon Emporium.
 37290 | Vaults:2 | Found a staircase to the Crypt.
 37371 | Vaults:2 | Reached skill level 20 in Spellcasting
 37371 | Vaults:2 | Reached skill level 20 in Conjurations
 37371 | Vaults:2 | Reached skill level 20 in Hexes
 37371 | Vaults:2 | Reached skill level 20 in Summonings
 37371 | Vaults:2 | Reached skill level 20 in Necromancy
 37371 | Vaults:2 | Reached skill level 20 in Translocations
 37371 | Vaults:2 | Reached skill level 20 in Fire Magic
 37371 | Vaults:2 | Reached skill level 20 in Ice Magic
 37371 | Vaults:2 | Reached skill level 20 in Air Magic
 37371 | Vaults:2 | Reached skill level 20 in Earth Magic
 37371 | Vaults:2 | Reached skill level 20 in Alchemy
 37696 | Vaults:2 | Identified the +0 scale mail "Xulat" {Rampage rC+}
 37754 | Vaults:2 | Reached skill level 16 in Fighting
 38117 | Vaults:2 | Found Jaelif Senat's Antique Armour Boutique.
 38125 | Vaults:2 | Bought a glowing cloak for 247 gold pieces
 38139 | Vaults:2 | Bought a pair of glowing gloves for 247 gold pieces
 38246 | Vaults:3 | Gained mutation: You are agile. (Dex +4, Str/Int -1) [you]
 38734 | Vaults:3 | Found Tifofux's Armour Shoppe.
 38901 | Vaults:3 | Gained mutation: Armour fits poorly on your strangely
                  | shaped body. [you]
 38912 | Vaults:3 | Identified the ring "Soceropt" {rF+ rC+ Dex+3}
 38931 | Vaults:2 | Lost mutation: Armour fits poorly on your strangely shaped
                  | body. [potion of mutation]
 38931 | Vaults:2 | Lost mutation: You are agile. (Dex +4, Str/Int -1) [potion
                  | of mutation]
 38931 | Vaults:2 | Gained mutation: You possess an exceptional clarity of
                  | mind. [potion of mutation]
 39023 | Vaults:3 | Reached skill level 17 in Fighting
 39084 | Vaults:3 | Reached skill level 8 in Armour
 39326 | Vaults:3 | Found Wuladura's Antique Armour Boutique.
 39391 | Vaults:3 | Reached skill level 9 in Armour
 40380 | Elf:1    | Entered Level 1 of the Elven Halls
 40518 | Elf:1    | Reached XP level 23. HP: 169/184 MP: 0/0
 40518 | Elf:1    | Learned a level 8 spell: Lehudib's Crystal Spear
 41201 | Elf:1    | Found Vusaegargh's General Store.
 41851 | Elf:2    | Reached skill level 21 in Spellcasting
 41851 | Elf:2    | Reached skill level 21 in Conjurations
 41851 | Elf:2    | Reached skill level 21 in Hexes
 41851 | Elf:2    | Reached skill level 21 in Summonings
 41851 | Elf:2    | Reached skill level 21 in Necromancy
 41851 | Elf:2    | Reached skill level 21 in Translocations
 41851 | Elf:2    | Reached skill level 21 in Fire Magic
 41851 | Elf:2    | Reached skill level 21 in Ice Magic
 41851 | Elf:2    | Reached skill level 21 in Air Magic
 41851 | Elf:2    | Reached skill level 21 in Earth Magic
 41851 | Elf:2    | Reached skill level 21 in Alchemy
 42329 | Elf:2    | Found a huge runed translucent gate.
 42329 | Elf:2    | Found a huge runed translucent gate.
 42329 | Elf:2    | Found a huge runed translucent gate.
 42329 | Elf:2    | Found a huge runed translucent gate.
 42329 | Elf:2    | Found a huge runed translucent gate.
 42828 | Elf:3    | Entered Level 3 of the Elven Halls
 42893 | Elf:3    | Found Eroqi's Magic Scroll Boutique.
 42905 | Elf:3    | Bought a scroll of revelation for 135 gold pieces
 42905 | Elf:3    | Bought a scroll of blinking for 135 gold pieces
 42905 | Elf:3    | Bought a scroll of blinking for 135 gold pieces
 43157 | Elf:3    | Noticed Bai Suzhen
 43160 | Elf:3    | Killed Bai Suzhen
 43416 | Elf:3    | Found Faurgh's Book Boutique.
 43416 | Elf:3    | Found Cathriotz's Jewellery Shoppe.
 43417 | Elf:3    | Found Xoem's Book Boutique.
 43703 | Elf:3    | Reached skill level 18 in Fighting
 43712 | Elf:3    | Identified the ring "Zoitadic" {rPois rF+ EV+5 Str+2}
 43750 | Elf:3    | Identified the +9 quarterstaff of Weqaun {flame, *Corrode
                  | rC+ Int+4}
 43758 | Elf:3    | Identified the +7 battleaxe of Niutiaq {elec, Will+}
 43840 | Elf:3    | Identified the +2 trident "Lyl Weel" {flame, Will+ Int+2}
 43940 | Elf:3    | Reached skill level 19 in Fighting
 43942 | Elf:3    | Reached XP level 24. HP: 137/195 MP: 0/0
 44004 | Elf:3    | Identified the +1 halberd of Integrity {flame, *Corrode
                  | Will+ Str-2 Int+3 Dex+4}
 44019 | Elf:3    | Reached skill level 15 in Dodging
 44178 | Elf:3    | Found the +2 hat of the Bear Spirit {Spirit, Bear, *Rage
                  | Will++}
 44289 | Elf:3    | Identified the +2 pair of gloves of the Sun {Str+2 SInv}
 44292 | Elf:3    | Identified the staff of Roteaps {Str+6 Earth}
 44347 | Elf:3    | Reached ****** piety under Ashenzari
 44852 | Vaults:4 | Reached skill level 8 in Evocations
 45147 | Vaults:4 | Reached skill level 9 in Evocations
 45243 | Vaults:4 | Reached skill level 10 in Evocations
 46097 | Depths:1 | Entered Level 1 of the Depths
 46097 | Depths:1 | Found a gateway to Hell.
 46528 | Depths:1 | Reached skill level 16 in Dodging
 46872 | Depths:1 | Reached skill level 17 in Dodging
 46970 | Depths:1 | Found a white marble altar of Elyvilon.
 47810 | Depths:2 | Reached XP level 25. HP: 194/202 MP: 0/0
 47810 | Depths:2 | Learned a level 9 spell: Death's Door
 48170 | Depths:2 | Reached skill level 22 in Spellcasting
 48170 | Depths:2 | Reached skill level 22 in Conjurations
 48170 | Depths:2 | Reached skill level 22 in Hexes
 48170 | Depths:2 | Reached skill level 22 in Summonings
 48170 | Depths:2 | Reached skill level 22 in Necromancy
 48170 | Depths:2 | Reached skill level 22 in Translocations
 48170 | Depths:2 | Reached skill level 22 in Fire Magic
 48170 | Depths:2 | Reached skill level 22 in Ice Magic
 48170 | Depths:2 | Reached skill level 22 in Air Magic
 48170 | Depths:2 | Reached skill level 22 in Earth Magic
 48170 | Depths:2 | Reached skill level 22 in Alchemy
 48360 | Depths:2 | Found a one-way gate leading to the halls of Pandemonium.
 49065 | Depths:3 | Found a stormy altar of Qazlal.
 49264 | Depths:3 | Gained mutation: Your spells are a little easier to cast,
                  | but a little less powerful. [a shining eye]
 49265 | Depths:3 | Gained mutation: You are clumsy. (Dex -2) [a shining eye]
 49276 | Depths:2 | Lost mutation: Your spells are a little easier to cast, but
                  | a little less powerful. [potion of mutation]
 49276 | Depths:2 | Lost mutation: You possess an exceptional clarity of mind.
                  | [potion of mutation]
 49276 | Depths:2 | Lost mutation: You are clumsy. (Dex -2) [potion of
                  | mutation]
 49276 | Depths:2 | Gained mutation: You are frail. (-10% HP) [potion of
                  | mutation]
 49276 | Depths:2 | Gained mutation: You are occasionally teleported next to
                  | monsters. [potion of mutation]
 49277 | Depths:2 | Lost mutation: You are frail. (-10% HP) [potion of
                  | mutation]
 49277 | Depths:2 | Lost mutation: You are occasionally teleported next to
                  | monsters. [potion of mutation]
 49277 | Depths:2 | Gained mutation: You are agile. (Dex +4, Str/Int -1)
                  | [potion of mutation]
 49277 | Depths:2 | Gained mutation: A frigid envelope surrounds you and
                  | freezes all who hurt you. [potion of mutation]
 49277 | Depths:2 | Gained mutation: You sometimes lose your temper in combat.
                  | [potion of mutation]
 49278 | Depths:2 | Lost mutation: You are agile. (Dex +4, Str/Int -1) [potion
                  | of mutation]
 49278 | Depths:2 | Lost mutation: You sometimes lose your temper in combat.
                  | [potion of mutation]
 49278 | Depths:2 | Lost mutation: A frigid envelope surrounds you and freezes
                  | all who hurt you. [potion of mutation]
 49278 | Depths:2 | Gained mutation: Your natural rate of healing is unusually
                  | fast. [potion of mutation]
 49278 | Depths:2 | Gained mutation: You are resistant to electric shocks.
                  | (rElec) [potion of mutation]
 49809 | Depths:3 | Reached skill level 20 in Fighting
 49822 | Depths:3 | Found a one-way gate to the infinite horrors of the Abyss.
 49881 | Depths:3 | Found a runed translucent door.
 49882 | Depths:3 | Noticed a dread lich
 49895 | Depths:3 | Identified the +2 leather armour of Nanod {Str+5 Int+4
                  | Slay-5}
 49927 | Depths:3 | Found a runed translucent door.
 49927 | Depths:3 | Identified the Folio of Ashen Bad Luck
 50518 | Depths:4 | Entered Level 4 of the Depths
 50595 | Depths:4 | Identified the +3 ring mail of Intense Surprise {rN+ Will+
                  | Int+3}
 50614 | Depths:4 | Identified the storm talisman of the Ikuchi {Int+6 Dex-3
                  | SInv}
 50696 | Depths:4 | Noticed a juggernaut
 50701 | Depths:4 | Killed a juggernaut
 50702 | Depths:4 | Reached XP level 26. HP: 214/214 MP: 0/0
 50707 | Depths:4 | Found a one-way gateway to a ziggurat.
 50931 | Depths:4 | Reached skill level 18 in Dodging
 50954 | Depths:4 | Found a gate to the Realm of Zot.
 51733 | Crypt:1  | Entered Level 1 of the Crypt
 51915 | Crypt:1  | Noticed Mennas
 51939 | Crypt:1  | Killed Mennas
 52677 | Crypt:2  | Reached skill level 21 in Fighting
 52823 | Crypt:2  | Reached skill level 23 in Spellcasting
 52823 | Crypt:2  | Reached skill level 23 in Conjurations
 52823 | Crypt:2  | Reached skill level 23 in Hexes
 52823 | Crypt:2  | Reached skill level 23 in Summonings
 52823 | Crypt:2  | Reached skill level 23 in Necromancy
 52823 | Crypt:2  | Reached skill level 23 in Translocations
 52823 | Crypt:2  | Reached skill level 23 in Fire Magic
 52823 | Crypt:2  | Reached skill level 23 in Ice Magic
 52823 | Crypt:2  | Reached skill level 23 in Air Magic
 52823 | Crypt:2  | Reached skill level 23 in Earth Magic
 52823 | Crypt:2  | Reached skill level 23 in Alchemy
 52891 | Crypt:2  | Noticed a curse skull
 52894 | Crypt:2  | Killed a curse skull
 53084 | Crypt:2  | Identified the +2 halberd of the Sufficient God {freeze,
                  | SInv}
 53377 | Crypt:3  | Entered Level 3 of the Crypt
 53566 | Crypt:3  | Reached skill level 19 in Dodging
 53582 | Crypt:3  | Identified the staff "Doseam" {rF+ rN+ Necro}
 53615 | Crypt:3  | Identified the amulet of Doubts {Faith +Inv}
 53656 | Crypt:3  | Identified the +3 battleaxe "Zazyin" {flame, Will- Str+2
                  | Int+5}
 53656 | Crypt:3  | Identified the +2 pair of boots of Bitterness {rF+ Str+2}
 53656 | Crypt:3  | Identified the staff "Cupyxas" {^Contam rC+ Str+5 Int+3
                  | Ice}
 54001 | Crypt:3  | Reached XP level 27. HP: 205/223 MP: 0/0
 54001 | Crypt:3  | Learned a level 9 spell: Shatter
 54386 | Crypt:3  | Found a basalt altar of Yredelemnul.
 54589 | Crypt:3  | Identified the ring of Fiofaude {rPois rC+ rN++ Will+
                  | Dex+6}
 54589 | Crypt:3  | Identified the ring "Xaifamm" {rF+ rN++ Str+6 Int+2 Stlth+}
 54952 | Crypt:3  | Found a staircase to the Tomb.
 55071 | Crypt:3  | Noticed a curse skull
 55075 | Crypt:3  | Killed a curse skull
 55093 | Crypt:3  | Noticed a curse skull
 55098 | Crypt:3  | Killed a curse skull
 55455 | Vaults:5 | Entered Level 5 of the Vaults
 55466 | Vaults:5 | Noticed a dread lich
 55475 | Vaults:5 | Killed a dread lich
 55551 | Vaults:5 | Identified the ring of Bofrur Vuth {rPois rF+ rC+}
 55560 | Vaults:5 | Got a silver rune of Zot
 55713 | Vaults:5 | Reached skill level 20 in Dodging
 55736 | Vaults:5 | Reached skill level 22 in Fighting
 56098 | Vaults:5 | Noticed an ancient lich
 56102 | Vaults:5 | Killed an ancient lich
 56158 | Vaults:5 | Identified the +8 chain mail of Noon {Stlth+}
 56275 | Vaults:5 | Found Riowoef's Magic Scroll Shop.
 56280 | Vaults:5 | Bought a scroll of acquirement for 1196 gold pieces
 56280 | Vaults:5 | Acquired 1071 gold pieces
 56301 | Vaults:5 | Found Disih's Magic Scroll Shoppe.
 56369 | Vaults:5 | Noticed a dread lich
 56376 | Vaults:5 | Killed a dread lich
 56451 | Vaults:5 | Reached skill level 24 in Spellcasting
 56451 | Vaults:5 | Reached skill level 24 in Conjurations
 56451 | Vaults:5 | Reached skill level 24 in Hexes
 56451 | Vaults:5 | Reached skill level 24 in Summonings
 56451 | Vaults:5 | Reached skill level 24 in Necromancy
 56451 | Vaults:5 | Reached skill level 24 in Translocations
 56451 | Vaults:5 | Reached skill level 24 in Fire Magic
 56451 | Vaults:5 | Reached skill level 24 in Ice Magic
 56451 | Vaults:5 | Reached skill level 24 in Air Magic
 56451 | Vaults:5 | Reached skill level 24 in Earth Magic
 56451 | Vaults:5 | Reached skill level 24 in Alchemy
 56498 | Vaults:5 | Identified the +3 spear of the Red Skies {freeze, rC+}
 56624 | Vaults:5 | Identified the +8 scimitar of Res Nullius {chaos, +Blink}
 56997 | Vaults:5 | Identified the staff "Cimyff" {rPois Will+ Earth}
 57033 | Vaults:5 | Identified the Cyclopedia of Cooperative Toxicity
 57038 | Vaults:5 | Identified the Omnibus of Relocation
 57039 | Vaults:5 | Identified the Quarto of Fog
 57335 | Vaults:5 | Upgraded the game from 0.32-a0-886-g41c5271027 to
                  | 0.32-a0-893-gf85d74f360
 57414 | Vaults:5 | Bought a scroll of enchant armour for 112 gold pieces
 58557 | Depths:3 | Voluntarily entered the Abyss.
 58583 | Abyss:1  | Found a corrupted altar of Lugonu.
 58610 | Abyss:1  | Found a corrupted altar of Lugonu.
 58696 | Abyss:1  | Found a corrupted altar of Lugonu.
 58897 | Abyss:1  | Reached skill level 21 in Dodging
 59132 | Abyss:2  | Reached skill level 10 in Armour
 59137 | Depths:3 | You pass through the gate.
 59137 | Depths:3 | Escaped the Abyss
 59139 | Depths:3 | Voluntarily entered the Abyss.
 59155 | Abyss:2  | Found a corrupted altar of Lugonu.
 59279 | Depths:3 | You pass through the gate.
 59279 | Depths:3 | Escaped the Abyss
 59518 | Vaults:2 | Bought a distressingly furry chain mail for 313 gold pieces
 59518 | Vaults:2 | Identified the +0 chain mail of Umyarecw {Regen+} (You
                  | bought it in a shop on level 2 of the Vaults)
 59624 | Vaults:3 | Bought a slimy scale mail for 270 gold pieces
 59624 | Vaults:3 | Identified the +6 scale mail of Inference {Will+} (You
                  | bought it in a shop on level 3 of the Vaults)
 59869 | Depths:3 | Voluntarily entered the Abyss.
 60037 | Abyss:2  | Noticed an ancient lich
 60044 | Abyss:2  | Killed an ancient lich
 60045 | Abyss:2  | Reached skill level 11 in Armour
 60326 | Abyss:2  | Reached skill level 12 in Armour
 60591 | Abyss:2  | Reached skill level 1 in Staves
 60623 | Abyss:2  | Reached skill level 2 in Staves
 60663 | Abyss:2  | Found a corrupted altar of Lugonu.
 60703 | Abyss:2  | Found a corrupted altar of Lugonu.
 60712 | Abyss:2  | Reached skill level 3 in Staves
 60752 | Abyss:2  | Noticed an ancient lich
 60759 | Abyss:2  | Killed an ancient lich
 60760 | Abyss:2  | Reached skill level 4 in Staves
 60882 | Abyss:2  | Reached skill level 5 in Staves
 60987 | Abyss:2  | Reached skill level 6 in Staves
 61150 | Abyss:2  | Reached skill level 7 in Staves
 61194 | Depths:3 | You pass through the gate.
 61194 | Depths:3 | Escaped the Abyss
 61568 | Swamp:4  | Got a decaying rune of Zot
 61888 | Zot:1    | Entered Level 1 of the Realm of Zot
 61923 | Zot:1    | Noticed an orb of fire
 61931 | Depths:4 | Killed an orb of fire
 61932 | Depths:4 | Reached skill level 8 in Staves
 61957 | Depths:4 | Reached skill level 9 in Staves
 61974 | Zot:1    | Noticed an orb of fire
 61982 | Depths:4 | Killed an orb of fire
 61983 | Depths:4 | Reached skill level 10 in Staves
 62544 | Zot:2    | Reached skill level 11 in Staves
 62574 | Zot:3    | Reached skill level 12 in Staves
 62576 | Zot:3    | Noticed an electric golem
 62584 | Zot:2    | Killed an electric golem
 63814 | Zot:3    | Reached skill level 22 in Dodging
 64319 | Zot:4    | Found a huge runed translucent gate.
 64319 | Zot:4    | Found a huge runed translucent gate.
 64319 | Zot:4    | Found a huge runed translucent gate.
 64319 | Zot:4    | Found a huge runed translucent gate.
 64319 | Zot:4    | Found a huge runed translucent gate.
 64319 | Zot:4    | Found a huge runed translucent gate.
 64319 | Zot:4    | Found a huge runed translucent gate.
 64320 | Zot:4    | Found a huge runed translucent gate.
 64321 | Zot:4    | Found a huge runed translucent gate.
 64321 | Zot:4    | Found a huge runed translucent gate.
 64322 | Zot:4    | Found a huge runed translucent gate.
 64323 | Zot:4    | Found a huge runed translucent gate.
 64328 | Zot:4    | Found a huge runed translucent gate.
 64358 | Zot:4    | Found a huge runed translucent gate.
 64358 | Zot:4    | Found a huge runed translucent gate.
 64359 | Zot:4    | Found a huge runed translucent gate.
 64360 | Zot:4    | Found a huge runed translucent gate.
 64365 | Zot:4    | Found a huge runed translucent gate.
 64365 | Zot:4    | Found a huge runed translucent gate.
 64367 | Zot:4    | Found a huge runed translucent gate.
 64368 | Zot:4    | Found a huge runed translucent gate.
 64369 | Zot:4    | Found a huge runed translucent gate.
 64370 | Zot:4    | Found a huge runed translucent gate.
 64371 | Zot:4    | Found a huge runed translucent gate.
 64372 | Zot:4    | Found a huge runed translucent gate.
 64372 | Zot:4    | Found a huge runed translucent gate.
 64392 | Zot:4    | Found a huge runed translucent gate.
 64393 | Zot:4    | Found a huge runed translucent gate.
 64394 | Zot:4    | Found a huge runed translucent gate.
 64394 | Zot:4    | Found a huge runed translucent gate.
 64395 | Zot:4    | Found a huge runed translucent gate.
 64396 | Zot:4    | Found a huge runed translucent gate.
 64533 | Zot:4    | Found a huge runed translucent gate.
 64533 | Zot:4    | Found a huge runed translucent gate.
 64773 | Zot:4    | Found a huge runed translucent gate.
 64773 | Zot:4    | Found a huge runed translucent gate.
 64902 | Zot:5    | Entered Level 5 of the Realm of Zot
 65057 | Zot:5    | Reached skill level 11 in Evocations
 65181 | Zot:5    | Reached skill level 12 in Evocations
 65434 | Zot:5    | Noticed a dread lich
 65440 | Zot:5    | Killed a dread lich
 65441 | Zot:5    | Noticed a Killer Klown
 65445 | Zot:5    | Killed a Killer Klown
 65461 | Zot:5    | Noticed an orb of fire
 65474 | Zot:5    | Noticed an electric golem
 65475 | Zot:5    | Killed an orb of fire
 65477 | Zot:5    | Killed an electric golem
 65478 | Zot:5    | Reached skill level 13 in Evocations
 65478 | Zot:5    | Noticed an ancient lich
 65480 | Zot:5    | Killed an ancient lich
 65505 | Zot:5    | Noticed a Killer Klown
 65509 | Zot:5    | Killed a Killer Klown
 65512 | Zot:5    | Noticed an ancient lich
 65517 | Zot:5    | Killed an ancient lich
 65539 | Zot:5    | Noticed a dread lich
 65541 | Zot:5    | Killed a dread lich
 65542 | Zot:5    | Reached skill level 14 in Evocations
 65619 | Zot:5    | Noticed a dread lich
 65631 | Zot:5    | Killed a dread lich
 65732 | Zot:5    | Noticed a Killer Klown
 65737 | Zot:5    | Killed a Killer Klown
 65743 | Zot:5    | Reached skill level 15 in Evocations
 65864 | Zot:5    | Noticed an orb of fire
 65882 | Zot:5    | Killed an orb of fire
 66382 | Elf:3    | Bought 2 scrolls of blinking for 270 gold pieces
 66881 | Zot:5    | Reached skill level 16 in Evocations
 66883 | Zot:5    | Noticed a dread lich
 66906 | Zot:5    | Killed a dread lich
 66918 | Zot:5    | Noticed a Killer Klown
 66921 | Zot:5    | Killed a Killer Klown
 66970 | Zot:5    | Reached skill level 17 in Evocations
 66978 | Zot:5    | Noticed an orb of fire
 66983 | Zot:5    | Killed an orb of fire
 66983 | Zot:5    | Noticed an orb of fire
 66989 | Zot:5    | Killed an orb of fire
 67014 | Zot:5    | Noticed an electric golem
 67017 | Zot:5    | Killed an electric golem
 67102 | Zot:5    | Got the Orb of Zot
 67107 | Zot:5    | Noticed Jiprigur the pandemonium lord
 67349 | D:11     | Reached skill level 18 in Evocations
 67406 | D:9      | Identified +2 pearl dragon scales
 67406 | D:9      | Noticed a seraph
 67544 | D:$      | Escaped with the Orb!

Vanquished Creatures
  6 dread liches
  Frederick (Vaults:2)
  6 orbs of fire
  5 ancient liches
  Mennas (Crypt:1)
  Sojobo (Vaults:2)
  4 Killer Klowns (Zot:5)
  Bai Suzhen (Elf:3)
  A profane servitor (Crypt:3)
  16 golden dragons
  5 bone dragons
  A pearl dragon (Abyss:1)
  3 hellephants
  A shard shrike zombie (Abyss:2)
  3 electric golems
  Jorgrun (Orc:1)
  11 tentacled monstrosities
  A Hell Sentinel (Depths:1)
  21 Orb Guardians
  3 liches
  A deep elf master archer (Elf:3)
  2 deep elf blademasters (Elf:3)
  6 sphinxes
  2 titans (Vaults:5)
  2 Executioners
  8 tentacled starspawn
  16 death cobs
  9 quicksilver dragons
  2 revenants (Crypt:2)
  Aizul (Swamp:2)
  11 shadow dragons
  11 storm dragons
  2 daevas (Abyss:2)
  2 fenstrider witches
  4 protean progenitors (Zot:3)
  5 tengu reavers
  5 nagarajas
  14 draconian monks
  5 fire giants
  An iron dragon (Depths:3)
  8 draconian shifters
  9 deep elf sorcerers
  Louise (D:14)
  3 ghost moths
  5 frost giants
  10 draconian scorchers
  5 draconian knights
  16 vault wardens
  A balrug (Abyss:2)
  2 caustic shrike zombies (Crypt:3)
  3 orc warlords
  5 deep elf elementalists
  3 juggernaut zombies
  22 very ugly things
  3 curse skulls
  2 draconian stormcallers
  4 reapers
  16 stone giants
  7 draconian annihilators
  11 ghouls
  A cacodemon (Abyss:2)
  A spriggan defender (Depths:3)
  6 ironbound thunderhulks
  A formless jellyfish (Vaults:1)
  21 ironbound preservers
  9 deep elf death magi
  8 deep elf demonologists
  21 green draconians
  5 vampire knights
  5 eleionomae
  10 white draconians
  7 deep elf annihilators
  7 war gargoyles
  4 black draconians
  7 bunyips
  12 spark wasps
  21 purple draconians
  10 red draconians
  13 yellow draconians
  8 eidola
  An entropy weaver (shapeshifter) (Elf:1)
  A blizzard demon (Abyss:2)
  2 merfolk impalers (Depths:1)
  An entropy weaver (Vaults:2)
  A mummy priest (Crypt:3)
  17 yaktaur captains
  16 ettins
  9 fire dragons
  6 deep elf high priests
  9 great orbs of eyes
  6 jiangshi
  37 vault guards
  Josephine (D:9)
  2 spriggan zombies (Crypt:3)
  11 rakshasas
  2 peacekeepers
  17 hydras
  9 ice dragons
  9 alligators
  2 spriggan air magi
  8 ironbound frosthearts
  2 salamander tyrants
  A hell beast (Depths:2)
  An elf skeleton (Crypt:1)
  4 centaur warriors
  2 ghost crabs
  A catoblepas (D:13)
  5 ogre magi
  A merfolk avatar (Lair:5)
  14 dancing weapons
  8 death knights
  9 anacondas
  15 tengu warriors
  27 two-headed ogres
  2 titan zombies
  5 death yaks (Lair:5)
  17 naga sharpshooters
  A demonic crawler (Zot:3)
  8 hell hogs
  4 vampire magi
  4 deep troll shamans
  6 thrashing horrors
  4 spriggan berserkers (Depths:3)
  16 naga warriors
  11 deep troll earth magi
  3 orc high priests (Orc:2)
  A soul eater (Abyss:2)
  4 shock serpents
  3 occultists
  12 hell knights
  17 deep elf knights
  10 sun demons
  4 skysharks
  7 wretched stars
  4 bunyip zombies (Crypt:3)
  5 salamander mystics
  4 sixfirhies (Abyss:2)
  13 iron trolls
  A sea snake (Lair:5)
  A shadow wraith (Crypt:2)
  A spatial maelstrom (Abyss:2)
  14 deep elf archers
  10 mana vipers
  2 orb spiders (shapeshifter)
  7 bog bodies
  7 spriggan druids
  8 glowing orange brains
  A glowing orange brain (shapeshifter) (D:12)
  9 swamp dragons (Swamp:4)
  4 flayed ghosts
  An iron giant zombie (Crypt:1)
  31 skeletal warriors
  A golden dragon zombie (Crypt:2)
  5 goliath frogs
  67 deep trolls
  An iron giant skeleton (Crypt:1)
  A spark wasp zombie (Depths:2)
  8 naga ritualists (Snake:4)
  17 lindwurms
  9 necromancers
  7 arcanists
  8 thermic dynamos
  8 starcursed masses
  A harpy (Lair:5)
  20 deep elf pyromancers
  32 phantasmal warriors
  2 lindwurms (shapeshifter)
  A shadow dragon zombie (Vaults:4)
  A tengu skeleton (Depths:2)
  5 wolf spiders
  Pikel (D:9)
  2 obsidian bats (Abyss:2)
  22 ironbound convokers
  25 orc knights
  25 deep elf zephyrmancers
  A manticore (Lair:5)
  A manticore (shapeshifter) (Vaults:5)
  5 will-o-the-wisps
  A shadow dragon skeleton (Vaults:5)
  A worldbinder (Abyss:1)
  42 ugly things
  5 cyclopes
  5 orc sorcerers
  2 shining eyes (Depths:3)
  28 moths of wrath
  A meliai (D:12)
  25 salamanders
  31 black mambas
  6 kobold blastminers (Orc:2)
  A shock serpent zombie (Crypt:2)
  2 rust devils (Abyss:2)
  13 vault sentinels
  A human skeleton (Vaults:4)
  A dire elephant zombie (Crypt:3)
  6 elephants (Lair:5)
  26 naga magi
  2 apocalypse crabs
  6 guardian serpents
  9 cane toads
  Joseph (D:10)
  A water nymph (shapeshifter) (Elf:2)
  A molten gargoyle (Depths:3)
  2 cane toads (shapeshifter)
  7 gargoyles
  4 orange demons (Abyss:2)
  3 smoke demons
  3 unseen horrors
  22 large abominations
  A kobold demonologist (Abyss:1)
  A storm dragon simulacrum (Vaults:4)
  4 rime drakes
  3 unseen horror zombies
  A green draconian zombie (Crypt:1)
  33 yaktaurs
  An anaconda simulacrum (Crypt:1)
  4 efreet
  8 komodo dragons
  2 guardian mummies (Crypt:3)
  4 ancient zymes (Abyss:2)
  18 freezing wraiths
  A red devil (Abyss:2)
  2 tengu conjurers (Depths:2)
  A yaktaur skeleton (Vaults:5)
  3 harpy zombies
  A white draconian skeleton (Crypt:1)
  A sea snake skeleton (Crypt:1)
  A wind drake (Lair:5)
  A polar bear (Lair:5)
  A hellwing (Abyss:2)
  2 trolls
  16 raiju
  7 hornets
  5 tyrant leeches
  2 jumping spiders (Crypt:3)
  A dream sheep (shapeshifter) (D:12)
  A glass eye (shapeshifter) (Vaults:5)
  3 ettin zombies (Crypt:3)
  A hydra skeleton (Crypt:2)
  18 blink frogs
  A snapping turtle (Lair:5)
  12 slime creatures
  2 shadows
  5 water elementals
  2 air elementals
  A vampire (Abyss:2)
  17 spriggans
  42 yaks
  A centaur simulacrum (D:15)
  8 wyverns
  23 wraiths
  A black mamba skeleton (Crypt:2)
  3 ynoxinuls
  6 fire elementals
  Eustachio (D:6)
  3 fire bats
  A yak (shapeshifter) (Depths:2)
  2 steam dragons (Lair:5)
  3 basilisks
  6 hogs (D:14)
  2 humans (D:14)
  5 redbacks
  5 neqoxecs
  4 chaos spawn
  A glowing shapeshifter zombie (Vaults:5)
  6 vampire mosquitoes
  50 nagas
  3 acid dragons
  12 swamp worms
  6 hell hounds
  3 naga zombies (Crypt:3)
  An acid dragon (shapeshifter) (Vaults:5)
  19 water moccasins
  A hornet zombie (D:9)
  An entropy weaver zombie (Crypt:2)
  6 swamp drakes
  18 orc warriors
  44 laughing skulls
  A sky beast (D:8)
  7 black bears
  A lindwurm zombie (Crypt:2)
  13 ogres
  A black bear (shapeshifter) (Vaults:5)
  An elephant zombie (D:8)
  2 wolves (Lair:3)
  4 ice beasts
  16 small abominations
  5 boggarts (Vaults:3)
  15 centaurs
  3 lemures (D:9)
  An elf zombie (D:8)
  7 kobold brigands
  A phantom (Crypt:3)
  4 weeping skulls
  2 gnoll sergeants
  12 bullfrogs
  4 brain worms (Abyss:2)
  A naga simulacrum (Abyss:2)
  4 earth elementals
  2 scorpions
  A cyclops skeleton (Crypt:2)
  28 wights
  6 wyvern skeletons (Crypt:3)
  22 killer bees
  3 vampire bats (Lair:2)
  3 howler monkeys
  4 jellies
  3 centaur zombies
  A quasit (Abyss:1)
  2 bombardier beetles
  2 hounds (D:6)
  2 human zombies
  20 orc priests
  An iron imp (Abyss:1)
  2 iguanas (D:6)
  15 orc wizards
  2 killer bee zombies (D:8)
  An ogre zombie (Crypt:2)
  A deep dwarf skeleton (Crypt:1)
  4 hound zombies (D:8)
  4 mummies
  6 howler monkey zombies
  11 gnolls
  8 adders
  4 shadow imps
  4 white imps
  9 ufetubi
  An adder zombie (D:8)
  An iguana skeleton (Crypt:1)
  A dart slug (D:2)
  4 ribbon worms
  79 orcs
  9 bats
  4 endoplasms
  5 giant cockroaches
  8 goblins
  11 hobgoblins
  4 quokkas
  7 ball pythons
  7 frilled lizards
  28 kobolds
  4 rats
  3 aspiring fleshes (Zot:3)
  16 butterflies (Zot:4)
  2 foxfires
  A lurking horror (Abyss:2)
  6 starspawn tentacles (Abyss:2)
2519 creatures vanquished.

Vanquished Creatures (collateral kills)
  A juggernaut (Depths:4)
  A tentacled monstrosity (Vaults:4)
  A titan (Depths:1)
  2 sphinxes
  A vault warden (Vaults:4)
  2 ironbound preservers (Vaults:4)
  A very ugly thing (Vaults:4)
  A dire elephant (Lair:5)
  A merfolk javelineer (Depths:1)
  A merfolk impaler (Depths:1)
  2 great orbs of eyes (Vaults:4)
  2 yaktaur captains (Vaults:4)
  A hydra (Lair:3)
  A boulder beetle (Lair:4)
  5 tengu warriors (Depths:1)
  8 death yaks
  3 skysharks
  2 deep trolls (Vaults:4)
  A sea snake (Lair:5)
  2 ironbound convokers (Vaults:4)
  An orc sorcerer (Orc:2)
  2 ugly things (IceCv)
  2 large abominations (Depths:4)
  2 ice statues (IceCv)
  A kobold blastminer (Orc:2)
  A vault sentinel (Vaults:4)
  2 cane toads (Lair:5)
  An unseen horror (Depths:4)
  2 rime drakes
  A komodo dragon (Lair:4)
  A troll (Orc:2)
  6 blink frogs
  7 yaks
  A basilisk (Lair:4)
  A warg (Orc:2)
  2 small abominations (Depths:4)
  4 water moccasins
  2 orc warriors (Orc:2)
  4 wolves (Lair:3)
  An orc wizard (Orc:2)
  A polar bear simulacrum (IceCv)
  A wolf simulacrum (IceCv)
  4 orcs (Orc:2)
  4 foxfires
93 creatures vanquished.

Vanquished Creatures (others)
  A golden dragon (Vaults:5)
  Kirke (D:14)
  A deep elf zephyrmancer (Elf:3)
  7 swamp drakes (Swamp:4)
  1355 foxfires
  6 snaplasher vines
  7 starspawn tentacles (Abyss:2)
1378 creatures vanquished.

Grand Total: 3990 creatures vanquished

Table legend: (Time is in decaauts)
 A = Elapsed time spent in this place.
 B = Non-inter-level travel time spent in this place.
 C = Inter-level travel time spent in this place.
 D = Time resting spent in this place.
 E = Time spent auto-exploring this place.
 F = Levels seen in this place.
 G = Mean time per level.
                   A        B        C        D        E       F      G
               +--------+--------+--------+--------+--------+-----+--------+
         Total |  67696 |  59075 |   8621 |  10056 |  34804 |  57 | 1187.6 |
       Dungeon |  19869 |  17257 |   2612 |   3491 |  10768 |  15 | 1324.6 |
        Temple |      1 |      1 |      0 |      0 |      0 |   1 |    1.0 |
          Lair |   8358 |   7637 |    721 |   1681 |   4573 |   5 | 1671.6 |
         Swamp |   3186 |   2889 |    297 |    363 |   1834 |   4 |  796.5 |
     Snake Pit |   4210 |   3802 |    408 |    689 |   2387 |   4 | 1052.5 |
  Orcish Mines |   1717 |   1339 |    378 |    314 |    711 |   2 |  858.5 |
   Elven Halls |   4543 |   3824 |    719 |    492 |   2492 |   3 | 1514.3 |
        Vaults |   8967 |   7825 |   1142 |   1176 |   4249 |   5 | 1793.4 |
         Crypt |   3637 |   3380 |    257 |    365 |   1633 |   3 | 1212.3 |
        Depths |   6524 |   5053 |   1471 |    661 |   3062 |   4 | 1631.0 |
           Zot |   4472 |   3859 |    613 |    504 |   2055 |   5 |  894.4 |
         Abyss |   2044 |   2044 |      0 |    237 |   1040 |   5 |  408.8 |
      Ice Cave |    161 |    161 |      0 |     83 |      0 |   1 |  161.0 |
               +--------+--------+--------+--------+--------+-----+--------+

Top non-repeatable levels by time:
     D:9: 2761 daAuts
    D:10: 2510 daAuts
Vaults:2: 2362 daAuts
  Lair:5: 1990 daAuts
Vaults:5: 1956 daAuts
 Crypt:3: 1929 daAuts
Depths:3: 1900 daAuts
  Lair:2: 1831 daAuts
  Lair:3: 1816 daAuts
   Elf:3: 1794 daAuts
Vaults:3: 1758 daAuts
  Lair:1: 1741 daAuts
Depths:2: 1669 daAuts
Depths:1: 1664 daAuts
   Elf:1: 1561 daAuts

Table legend:
 A = Non-vault XP
 B = Vault XP
 C = Vault XP percentage of total XP
 D = Non-vault monster count
 E = Vault monster count
 F = Vault count percentage of total count
                 A         B        C        D         E       F
            +---------+---------+-------+---------+---------+-------
      Total |  983103 |  647187 |  39.7 |    1721 |     843 |  32.9
            +---------+---------+-------+---------+---------+-------
        D:1 |      38 |       0 |   0.0 |      24 |       0 |   0.0
        D:2 |     120 |      29 |  19.5 |      17 |       9 |  34.6
        D:3 |     106 |       1 |   0.9 |      19 |       1 |   5.0
        D:4 |     284 |       0 |   0.0 |      24 |       0 |   0.0
        D:5 |     611 |       0 |   0.0 |      16 |       0 |   0.0
        D:6 |     439 |     354 |  44.6 |      12 |       4 |  25.0
        D:7 |    1206 |       0 |   0.0 |      29 |       0 |   0.0
        D:8 |    3177 |     515 |  13.9 |      45 |      15 |  25.0
        D:9 |    2277 |    8752 |  79.4 |      17 |      39 |  69.6
       D:10 |    3687 |    3899 |  51.4 |      26 |      25 |  49.0
       D:11 |    5259 |       0 |   0.0 |      20 |       0 |   0.0
       D:12 |    3478 |    6114 |  63.7 |      15 |      17 |  53.1
       D:13 |    5242 |     808 |  13.4 |      12 |       2 |  14.3
       D:14 |    4116 |   11671 |  73.9 |      11 |      24 |  68.6
       D:15 |   24300 |    4108 |  14.5 |      40 |       5 |  11.1
     Lair:1 |    4503 |    5508 |  55.0 |      18 |      20 |  52.6
     Lair:2 |    8670 |    1185 |  12.0 |      26 |      11 |  29.7
     Lair:3 |   10540 |    2156 |  17.0 |      27 |      10 |  27.0
     Lair:4 |    4641 |       0 |   0.0 |      14 |       0 |   0.0
     Lair:5 |   17635 |    9441 |  34.9 |      36 |      19 |  34.5
    Swamp:1 |   11105 |    4921 |  30.7 |      20 |       6 |  23.1
    Swamp:2 |   12312 |    1393 |  10.2 |      20 |       1 |   4.8
    Swamp:3 |    9685 |       0 |   0.0 |      18 |       0 |   0.0
    Swamp:4 |   12275 |   14372 |  53.9 |      23 |      24 |  51.1
    Snake:1 |   11127 |       0 |   0.0 |      23 |       0 |   0.0
    Snake:2 |   19958 |       0 |   0.0 |      35 |       0 |   0.0
    Snake:3 |   13495 |       0 |   0.0 |      29 |       0 |   0.0
    Snake:4 |   32688 |   21845 |  40.1 |      72 |      34 |  32.1
      Orc:1 |    3480 |    1904 |  35.4 |      16 |       1 |   5.9
      Orc:2 |    6039 |    9187 |  60.3 |      40 |      32 |  44.4
      Elf:1 |   19205 |   11378 |  37.2 |      32 |      19 |  37.3
      Elf:2 |   25045 |    3257 |  11.5 |      39 |       4 |   9.3
      Elf:3 |   14459 |   42797 |  74.7 |      23 |      36 |  61.0
   Vaults:1 |   47717 |    1107 |   2.3 |      68 |       2 |   2.9
   Vaults:2 |   26608 |   39182 |  59.6 |      39 |      39 |  50.0
   Vaults:3 |   21301 |   20724 |  49.3 |      32 |      28 |  46.7
   Vaults:4 |   25320 |   16463 |  39.4 |      36 |      19 |  34.5
   Vaults:5 |   28109 |  115738 |  80.5 |      42 |     102 |  70.8
    Crypt:1 |   14040 |    4181 |  22.9 |      38 |       1 |   2.6
    Crypt:2 |   37282 |    6710 |  15.3 |      63 |      11 |  14.9
    Crypt:3 |       0 |   68567 | 100.0 |       0 |     114 | 100.0
   Depths:1 |   30115 |   16631 |  35.6 |      38 |      19 |  33.3
   Depths:2 |   34536 |   10746 |  23.7 |      42 |      13 |  23.6
   Depths:3 |   41351 |   36019 |  46.6 |      48 |      47 |  49.5
   Depths:4 |   39282 |   17771 |  31.1 |      28 |      25 |  47.2
      Zot:1 |   38825 |       0 |   0.0 |      34 |       0 |   0.0
      Zot:2 |   40657 |       0 |   0.0 |      33 |       0 |   0.0
      Zot:3 |   55841 |   27965 |  33.4 |      41 |      24 |  36.9
      Zot:4 |   21050 |       0 |   0.0 |      19 |       0 |   0.0
      Zot:5 |   70230 |   97853 |  58.2 |      63 |      35 |  35.7
    Abyss:1 |   23861 |       0 |   0.0 |      50 |       0 |   0.0
    Abyss:2 |   95776 |       0 |   0.0 |     169 |       0 |   0.0
      IceCv |       0 |    1935 | 100.0 |       0 |       6 | 100.0
            +---------+---------+-------+---------+---------+-------
